 Dungeon Crawl Stone Soup version 0.21-a0-225-g207ae17 (webtiles) character file.

147404 RKaid the Fighter (level 16, -5/147 HPs)
             Began as a Black Draconian Artificer on Aug 26, 2017.
             Was the Champion of Makhleb.
             Slain by a spriggan rider
             ... wielding a +0 spear
              (22 damage)
             ... on level 3 of the Swamp on Aug 30, 2017.
             The game lasted 05:16:06 (60652 turns).

RKaid the Fighter (Black Draconian Artificer)      Turns: 60652, Time: 05:16:07

Health: -5/147     AC: 14    Str: 21    XL:     16   Next: 91%
Magic:  23/25      EV: 18    Int: 18    God:    Makhleb [******]
Gold:   1470       SH:  5    Dex: 13    Spells: 1/17 levels left

rFire    . . .     SeeInvis .   a - +4 war axe (elec)
rCold    + . .     Gourm    +   z - +0 buckler
rNeg     . . .     Faith    .   (armour unavailable)
rPois    +         Spirit   .   Q - +1 hat {MR+}
rElec    +         Reflect  .   e - +0 cloak
rCorr    .         Harm     .   M - +1 pair of gloves
MR       ++...                  N - +0 pair of boots
Stlth    ++........             E - amulet of the gourmand {Gourm}
HPRegen  0.34/turn              Z - ring of poison resistance {rPois}
MPRegen  0.19/turn              I - +5 ring of intelligence

@: flying, drained
A: breathe lightning, unfitting armour, big wings, cold resistance 1,
electricity resistance, strong 1, no potion heal 1, cold-blooded, AC +9
a: Breathe Lightning, Stop Flying, Minor Destruction, Lesser Servant of Makhleb,
Major Destruction, Greater Servant of Makhleb, Renounce Religion


You were on level 3 of the Swamp.
You worshipped Makhleb.
Makhleb was exalted by your worship.
You were full.

You visited 6 branches of the dungeon, and saw 28 of its levels.
You also visited: Labyrinth and Volcano.

You collected 2144 gold pieces.
You spent 674 gold pieces at shops.

Inventory:

Hand Weapons
 a - a +4 war axe of electrocution (weapon)
   (You took it off an orc on level 2 of the Orcish Mines)
 b - a +1 scimitar of flaming
   (You took it off an efreet on level 13 of the Dungeon)
 h - a +1 war axe of holy wrath
   (You found it on level 11 of the Dungeon)
 w - a +2 vampiric war axe
   (You took it off an orc warrior on level 1 of the Orcish Mines)
Armour
 e - a +0 cloak (worn)
   (You found it on level 3 of the Lair of Beasts)
 z - a +0 buckler (worn)
   (You found it on level 6 of the Dungeon)
 M - a +1 pair of gloves (worn)
   (You found it on level 13 of the Dungeon)
 N - a +0 pair of boots (worn)
   (You found it on level 1 of the Dungeon)
 P - a scarf of cloud immunity
   (You acquired it on level 12 of the Dungeon)
 Q - a +1 hat of magic resistance (worn)
   (You took it off Gastronok on level 12 of the Dungeon)
Magical Staves
 r - an uncursed staff of energy {+MP, hungerless spells, !a}
   (You found it on level 6 of the Lair of Beasts)
 T - an uncursed staff of wizardry {wiz+, !a}
   (You found it in a labyrinth)
Jewellery
 k - an uncursed ring of resist corrosion
   (You found it on level 2 of the Dungeon)
 s - an uncursed ring of protection from cold {rC+}
   (You found it on level 1 of the Dungeon)
 x - an uncursed ring of protection from magic {MR+}
   (You bought it in a shop on level 2 of the Orcish Mines)
 C - a +4 ring of intelligence
   (You found it on level 4 of the Dungeon)
 E - an amulet of the gourmand (around neck) {Gourm}
   (You found it on level 1 of the Swamp)
 I - a +5 ring of intelligence (right hand)
   (You found it on level 6 of the Lair of Beasts)
 W - an uncursed ring of protection from fire {rF+}
   (You found it on level 14 of the Dungeon)
 Z - a ring of poison resistance (left hand) {rPois}
   (You found it on level 1 of the Lair of Beasts)
Wands
 c - a wand of enslavement (1/24)
 A - a wand of acid (0/15)
   (You found it on level 12 of the Dungeon)
 D - a wand of digging (4/24)
   (You found it in a labyrinth)
Scrolls
 d - a scroll of blinking {!r}
 j - a scroll of silence
 o - 5 scrolls of remove curse
 t - 5 scrolls of teleportation
 y - 2 scrolls of fog
 F - 2 scrolls of fear
 R - a scroll of summoning
Potions
 n - 2 potions of cancellation
 q - 4 potions of berserk rage {!q}
 u - 5 potions of heal wounds
 v - a potion of resistance
 H - a potion of lignification {!q}
 K - a potion of might
 L - 2 potions of agility
 O - 3 potions of invisibility
 S - 8 potions of curing
 V - a potion of haste
 X - 2 potions of ambrosia
 Y - a potion of brilliance
Miscellaneous
 f - a phial of floods
   (You found it on level 3 of the Swamp)
 g - a phantom mirror
 l - a lamp of fire (inert)
   (You found it on level 1 of the Swamp)
 p - a box of beasts
 B - a sack of spiders
 G - a fan of gales
   (You found it on level 3 of the Lair of Beasts)
 U - a lightning rod (3/4)
   (You found it on level 2 of the Lair of Beasts)
Comestibles
 m - 5 meat rations
 J - a bread ration


   Skills:
 + Level 14.8 Fighting
   Level 10.0 Short Blades
 * Level 14.8(14.7) Axes
 - Level 10.3(10.2) Dodging
 - Level 3.0 Stealth
 - Level 4.0(3.9) Shields
 - Level 1.0(0.9) Spellcasting
 - Level 6.6 Conjurations
 + Level 4.0 Hexes
 + Level 3.5 Charms
 - Level 3.0 Translocations
 - Level 2.2 Transmutations
 - Level 4.2 Air Magic
 - Level 12.0 Invocations
 - Level 10.0(9.9) Evocations


You had one spell level left.
You knew the following spells:

 Your Spells              Type           Power        Failure   Level  Hunger
b - Spectral Weapon       Hex/Chrm       ##......     13%         3    ####...
c - Mephitic Cloud        Conj/Pois/Air  ##......     14%         3    ####...
g - Summon Lightning Spi  Summ/Air       #.......     63%         4    #####..
A - Passwall              Tmut/Erth      #.........   19%         2    ###....
B - Blink                 Tloc           N/A          9%          2    ###....
C - Song of Slaying       Chrm           ##......     7%          2    ###....


Dungeon Overview and Level Annotations

Branches:
Dungeon (15/15)            Temple (1/1) D:7            Lair (6/6) D:9
  Swamp (3/4) Lair:3       Spider (1/4) Lair:4        Slime (0/5) Lair:5
    Orc (2/2) D:10         Vaults (0/5) D:13         Depths (0/5) D:15
    Elf: Orc:2

Altars:
Ashenzari
Cheibriados
Dithmenos
Elyvilon
Fedhas
Gozag
Hepliaklqana
Kikubaaqudgha
Makhleb
Nemelex Xobeh
Okawaru
Qazlal
Ru
Sif Muna
Trog
Uskayaw
Vehumet
Wu Jian
Xom
Yredelemnul
Zin
The Shining One

Shops:
D:8 [*   D:14 (   Orc:1 (%   Orc:2 *(=[

Annotations:
D:10 !!, Erolcha; Harold
D:12 Zigma's ghost, journeyman DrMo
D:14 1 runed door
Lair:3 exclusion: 3 oklob plants
Lair:4 exclusion: downstairs
Lair:5 exclusions: hydra and oklob plant, Glitchraptor's ghost, journeyman MiFi
Lair:6 exclusion: Nessos, Nessos
Swamp:3 exclusion: Mara, Mara


Innate Abilities, Weirdness & Mutations

You can breathe wild blasts of lightning.
Your glossy black scales are hard. (AC +9)
You cannot fit into any form of body armour.
Your large and strong wings let you fly indefinitely.
You are resistant to electric shocks. (rElec)
You are cold-blooded and may be slowed by cold attacks.
Your flesh is cold resistant. (rC+)
Your muscles are strong. (Str +2)
Potions are less effective at restoring your health.


Message History

The vampire mosquito is smitten.
You slash the vampire mosquito!
You destroy the vampire mosquito!
Makhleb accepts your kill.
You feel better.
You slash the vampire mosquito!
You are engulfed in a cloud of scalding steam.
The vampire mosquito is engulfed in a cloud of scalding steam.
The vampire mosquito closely misses you.
You barely miss the vampire mosquito.
You are engulfed in a cloud of scalding steam.
The vampire mosquito is engulfed in a cloud of scalding steam.
The vampire mosquito bites you but does no damage.
Your smoke demon hits the vampire mosquito.
Your smoke demon barely misses the vampire mosquito.
Your smoke demon hits the vampire mosquito.
The vampire mosquito is engulfed in a cloud of scalding steam.
The vampire mosquito closely misses your smoke demon.
You hit the vampire mosquito. You tail-slap the vampire mosquito.
You destroy the vampire mosquito!
Makhleb accepts your kill.
You feel better.
You are engulfed in a cloud of scalding steam.
The bog body casts a spell at you. The bolt of cold hits your smoke demon.
The bolt of cold hits you! You resist.
Your smoke demon is engulfed in freezing vapours.
Your smoke demon gestures at the bog body.
The bog body is smitten.
Your smoke demon is engulfed in freezing vapours.
Your smoke demon dies!
You hit the bog body. The bog body barely misses you.
The bog body touches you but does no damage.
You slice the bog body!! Lightning courses through the bog body!
You destroy the bog body!
Makhleb accepts your kill.
You feel better.
Your Hexes skill increases to level 4!
You start resting.
A shambling mangrove comes into view.
You see here a vampire mosquito corpse.
A spriggan rider comes into view. It is wielding a spear.
The spriggan rider shouts!
The spriggan rider hits you but does no damage.
The spriggan rider hits you from afar with a spear!!
The spriggan rider misses you.
The shambling mangrove reaches out with a gnarled limb.
Grasping roots rise from the ground around the shambling mangrove!
You block the spriggan rider's attack. You block the spriggan rider's attack.
The spriggan rider hits you but does no damage.
There is a stone staircase leading up here.
The spriggan rider hits you from afar with a spear!
You fly upwards.
There is a stone staircase leading down here.
You start resting.
You fly downwards.
Level annotation: exclusion: Mara, Mara The spriggan rider hits you with a spear!
The shambling mangrove hits you!!
The spriggan rider hits you with a spear.
There is a stone staircase leading up, spattered with blood here.
A demon appears!
Roots rise up from beneath you and drag you back to the ground.
The shambling mangrove hits you.
The spriggan rider hits you with a spear!
A demon appears!
The shambling mangrove hits you!!
The spriggan rider hits you but does no damage.
You barely miss the shambling mangrove. You miss the spriggan rider.
Roots rise up from beneath your hellwing and drag it to the ground.
You hit the shambling mangrove.
Your tail-slap misses the shambling mangrove.
You slash the spriggan rider!
Your ynoxinul closely misses the spriggan rider.
The spriggan rider barely misses you. The shambling mangrove hits you!
* * * LOW HITPOINT WARNING * * *
You barely miss the spriggan rider.
You hit the shambling mangrove but do no damage.
Roots rise up from beneath your ynoxinul and drag it to the ground.
Your ynoxinul closely misses the spriggan rider.
The spriggan rider hits you but does no damage.
The shambling mangrove hits you!
* * * LOW HITPOINT WARNING * * *
Your hellwing completely misses the spriggan rider.
Your hellwing misses the spriggan rider.
Casting: Blink
Confirm with . or Enter, or press ? or * to list all spells.
You blink.
Splash!
You fall into the shallow water.
Moving in this stuff is going to be slow.
You escape the reach of the grasping roots.
You fly up into the air.
Roots rise up from beneath your ynoxinul and drag it to the ground.
Roots rise up from beneath your ynoxinul and drag it to the ground.
Press: ? - help, Shift-Dir - straight line, f - spriggan rider
Aim: a spriggan rider, wielding a spear (lightly wounded)
The bolt of negative energy hits the spriggan rider.
The spriggan rider is drained!
Roots rise up from beneath your ynoxinul and drag it to the ground.
The spriggan rider hits you from afar with a spear!!
You die...

♣♣.≈♣♣♣♣..≈≈.♣♣♣♣♣♣♣♣♣♣≈≈♣
♣♣♣♣≈≈....≈≈≈♣♣.≈§.♣♣♣..♣
♣≈.≈≈≈.≈≈.<♣♣≈≈§♣.≈≈≈♣♣
♣♣.≈≈≈≈≈≈43♣♣.≈≈≈≈≈≈.♣
♣≈.≈≈≈≈..f♣≈.≈≈..§≈≈♣
♣♣.≈≈§.♣♣♣.≈...<...♣♣
♣....♣.≈≈.i§≈≈≈≈.≈.♣
♣.§≈≈♣≈≈≈≈≈≈/≈≈≈≈≈.♣
♣.≈.♣♣..≈≈.@..≈≈≈≈.♣ ♣♣..
♣♣♣♣♣♣♣≈♣≈.≈≈≈♣ ♣≈≈
♣♣♣♣♣♣♣♣♣ ♣♣


You could see a shambling mangrove, a spriggan rider, a friendly hellwing and a
friendly ynoxinul.

Vanquished Creatures
  A thorn hunter (Swamp:1)
  A ghost moth (Lair:3)
  An orc warlord (Orc:2)
  A red draconian (Volcano)
  A minotaur (Lab)
  2 vault guards (D:13)
  The ghost of skelma the Jinx, a journeyman SpCj of Dithmenos (Lair:6)
  12 hydras
  2 centaur warriors
  A ghost crab (Swamp:3)
  3 catoblepae (Lair:6)
  3 alligators
  An ogre mage (D:15)
  10 death yaks
  15 two-headed ogres
  4 orc high priests
  4 tengu warriors
  Urug (Lair:5)
  2 skeletal warriors
  A salamander mystic (Volcano)
  3 unseen horrors
  3 swamp dragons (Swamp:1)
  4 wizards
  A shambling mangrove (Swamp:2)
  4 deep elf magi
  A necromancer (D:13)
  6 orc knights
  2 orb spiders (Spider:1)
  7 cyclopes
  14 ugly things
  2 wolf spiders
  4 salamanders
  3 manticores
  Psyche (D:11)
  12 elephants
  10 spiny frogs
  5 black mambas
  2 gargoyles
  9 komodo dragons
  3 rime drakes
  A freezing wraith (D:15)
  3 kobold demonologists (D:15)
  An efreet (D:13)
  8 yaktaurs
  A demonic crawler (Lair:4)
  4 tengu conjurers
  A polar bear (Lair:5)
  2 meliai
  2 jumping spiders (Lair:4)
  11 trolls
  3 tyrant leeches
  15 slime creatures
  6 hornets
  6 bog bodies
  27 blink frogs
  16 hippogriffs
  A shadow (Swamp:2)
  5 redbacks
  5 wyverns
  4 spriggans
  54 yaks
  18 humans (D:13)
  3 basilisks (Lair:6)
  A wraith (D:12)
  3 fire bats (Lair:4)
  A steam dragon (D:11)
  14 vampire mosquitoes
  6 hungry ghosts
  A redback simulacrum (D:15)
  23 swamp worms
  2 wargs
  16 water moccasins
  An acid dragon (D:12)
  11 porcupines
  Duvessa (D:7)
  6 swamp drakes
  An eye of draining (D:11)
  A sky beast (D:8)
  40 orc warriors
  4 black bears
  3 necrophages
  18 ogres
  2 phantoms
  10 ice beasts
  A hornet zombie (D:9)
  5 wolves
  11 centaurs
  A big kobold (shapeshifter) (D:14)
  12 crocodiles
  4 big kobolds
  18 bullfrogs
  2 wyvern zombies
  Dowan (D:7)
  2 scorpions
  A hornet simulacrum (D:15)
  A water moccasin skeleton (D:7)
  7 killer bees
  2 vampire bats (D:6)
  3 wights (D:10)
  14 electric eels
  2 howler monkeys
  16 crimson imps
  4 centaur zombies
  8 hounds
  A quasit (D:15)
  16 orc priests
  6 jellies
  3 bullfrog skeletons
  3 centaur skeletons
  22 orc wizards
  12 worker ants
  Terence (D:2)
  2 hell rats (D:9)
  5 iguanas
  A worker ant zombie (D:7)
  Robin (D:2)
  A howler monkey skeleton (D:10)
  14 adders
  3 river rats
  2 shadow imps
  6 oozes
  3 adder skeletons
  An adder zombie (D:9)
  17 worms
  4 dart slugs
  6 leopard geckos
  62 orcs
  5 giant cockroaches
  12 goblins
  7 hobgoblins
  4 jackals
  25 kobolds
  8 quokkas
  17 bats
  11 frilled lizards
  A leopard gecko zombie (D:6)
  8 rats
  6 fungi (Lair:5)
  4 plants
940 creatures vanquished.

Vanquished Creatures (collateral kills)
  Frances (D:13)
  Gastronok (D:12)
  2 thorn hunters
  4 hydras
  A catoblepas (D:14)
  2 alligators
  An ugly thing (D:14)
  A cyclops (Orc:1)
  3 spiny frogs
  A meliai (D:14)
  A demonic crawler (Lair:4)
  3 tyrant leeches
  A vampire mosquito (Swamp:1)
  A swamp worm (Swamp:2)
  An orc warrior (Orc:2)
  An ogre (Orc:1)
  An orc priest (Orc:1)
  5 orc wizards
  12 orcs
  A giant cockroach (D:1)
  2 goblins (D:2)
  2 hobgoblins
  2 jackals (D:4)
  A kobold (D:1)
  3 briar patches (Swamp:2)
54 creatures vanquished.

Vanquished Creatures (others)
  A black mamba (Lair:4)
  A killer bee (D:7)
  An orc wizard (D:5)
  An adder (D:2)
  2 kobolds (D:14)
  2 briar patches (Swamp:3)
  22 fungi
  62 plants
  3 spectral weapons (Swamp:2)
95 creatures vanquished.

Grand Total: 1089 creatures vanquished

Notes
Turn   | Place    | Note
-------+----------+-------------------------------------------
     0 | D:1      | RKaid the Draconian Artificer began the quest for the Orb.
     0 | D:1      | Reached XP level 1. HP: 16/16 MP: 3/3
   158 | D:1      | Reached XP level 2. HP: 17/24 MP: 4/4
   368 | D:1      | Reached skill level 2 in Fighting
   804 | D:1      | Reached XP level 3. HP: 25/30 MP: 5/5
  2547 | D:2      | Reached skill level 3 in Fighting
  2547 | D:2      | Reached XP level 4. HP: 22/38 MP: 6/6
  2721 | D:2      | Found an opulent altar of Gozag.
  2867 | D:2      | Reached skill level 4 in Evocations
  3258 | D:3      | Noticed Terence
  3355 | D:3      | Found a sacrificial altar of Ru.
  3360 | D:3      | Found an ancient bone altar of Kikubaaqudgha.
  3430 | D:3      | Noticed Robin
  3459 | D:2      | Killed Robin
  3459 | D:2      | Reached skill level 2 in Short Blades
  3632 | D:2      | Reached XP level 5. HP: 39/45 MP: 8/8
  3763 | D:3      | Noticed an ogre
  4204 | D:3      | Reached skill level 2 in Dodging
  4467 | D:2      | Killed Terence
  4605 | D:3      | Reached skill level 4 in Fighting
  4709 | D:3      | Killed an ogre
  4709 | D:3      | Reached XP level 6. HP: 33/52 MP: 9/9
  4895 | D:4      | Reached skill level 5 in Evocations
  5445 | D:4      | Noticed an ice beast
  5595 | D:4      | Killed an ice beast
  5595 | D:4      | Reached skill level 3 in Dodging
  5840 | D:5      | Entered Level 5 of the Dungeon
  5852 | D:5      | Noticed an ice beast
  5879 | D:5      | Killed an ice beast
  5879 | D:5      | Reached skill level 5 in Fighting
  5879 | D:5      | Reached skill level 3 in Short Blades
  5879 | D:5      | Your scales start taking on a glossy black colour.
  5879 | D:5      | Reached XP level 7. HP: 43/61 MP: 10/10
  5879 | D:5      | Gained mutation: You are resistant to electric shocks. (rElec) [Black Draconian growth]
  5972 | D:5      | Learned a level 2 spell: Passwall
  6545 | D:5      | Found a glowing golden altar of the Shining One.
  6952 | D:5      | Reached skill level 4 in Short Blades
  7049 | D:5      | Reached skill level 4 in Dodging
  7052 | D:5      | Reached skill level 6 in Fighting
  7421 | D:6      | Reached skill level 1 in Shields
  7421 | D:6      | Reached XP level 8. HP: 52/70 MP: 11/11
  7801 | D:6      | Reached skill level 2 in Shields
  8253 | D:6      | Reached skill level 3 in Shields
  8555 | D:6      | Reached skill level 5 in Short Blades
  8597 | D:6      | Reached skill level 4 in Shields
  8672 | D:6      | Reached skill level 7 in Fighting
  8946 | D:6      | Reached skill level 6 in Short Blades
  8959 | D:6      | Reached XP level 9. HP: 73/81 MP: 12/12
  9104 | D:7      | Reached skill level 8 in Fighting
  9107 | D:7      | Noticed Duvessa
  9606 | D:7      | Found a staircase to the Ecumenical Temple.
  9612 | Temple   | Entered the Ecumenical Temple
  9882 | Temple   | Became a worshipper of Makhleb the Destroyer
  9995 | D:7      | Reached skill level 7 in Short Blades
 10168 | D:7      | Noticed Dowan
 10250 | D:7      | You fall through a shaft for 2 floors!
 10356 | D:8      | Noticed a two-headed ogre
 10580 | D:7      | Killed Duvessa
 10580 | D:7      | Reached skill level 9 in Fighting
 10618 | D:7      | Killed Dowan
 11036 | D:8      | Found Xouprerr's General Store.
 11089 | D:8      | Reached skill level 8 in Short Blades
 11134 | D:8      | Bought a book of Minor Magic for 260 gold pieces
 11141 | D:8      | Learned a level 2 spell: Blink
 11145 | D:8      | Learned a level 3 spell: Mephitic Cloud
 11366 | D:8      | Killed a two-headed ogre
 11366 | D:8      | Reached skill level 2 in Conjurations
 11366 | D:8      | Reached skill level 1 in Translocations
 11366 | D:8      | Reached skill level 2 in Air Magic
 11366 | D:8      | Reached XP level 10. HP: 90/90 MP: 13/13
 11467 | D:8      | Reached skill level 2 in Translocations
 11812 | D:8      | Reached * piety under Makhleb
 11939 | D:8      | Found Xistro De Add's Armour Boutique.
 12213 | D:8      | Reached skill level 3 in Air Magic
 12424 | D:9      | Noticed a two-headed ogre
 12471 | D:9      | Reached skill level 3 in Conjurations
 12499 | D:9      | HP: 20/90 [yak (12)]
 12501 | D:9      | Reached skill level 3 in Translocations
 12799 | D:9      | Identified a scroll of acquirement
 12885 | D:9      | Noticed a death yak
 12936 | D:9      | Reached skill level 4 in Air Magic
 12947 | D:9      | Reached skill level 1 in Invocations
 13092 | D:9      | Noticed a two-headed ogre
 13121 | D:9      | Killed a two-headed ogre
 13121 | D:9      | Reached skill level 9 in Short Blades
 13121 | D:9      | Reached skill level 4 in Conjurations
 13121 | D:9      | Reached skill level 2 in Invocations
 13131 | D:9      | Found a sparkling altar of Nemelex Xobeh.
 13148 | D:9      | Noticed a death yak
 13168 | D:9      | Found a staircase to the Lair.
 13169 | D:9      | Noticed a death yak
 13966 | D:8      | HP: 22/90 [death yak (15)]
 13997 | D:8      | Killed a death yak
 13997 | D:8      | Reached skill level 3 in Invocations
 14268 | D:9      | Noticed a two-headed ogre
 14367 | D:9      | Killed a two-headed ogre
 14367 | D:9      | Reached skill level 5 in Conjurations
 14367 | D:9      | Reached skill level 4 in Invocations
 14396 | D:9      | Reached XP level 11. HP: 89/96 MP: 12/14
 14406 | Lair:1   | Entered Level 1 of the Lair of Beasts
 14540 | Lair:1   | Noticed an eight-headed hydra
 14563 | Lair:1   | You fall through a shaft!
 15716 | Lair:2   | Reached skill level 10 in Short Blades
 15716 | Lair:2   | Reached skill level 5 in Invocations
 16563 | Lair:1   | Reached skill level 10 in Fighting
 16925 | Lair:1   | Reached skill level 5 in Dodging
 17082 | Lair:1   | Reached ** piety under Makhleb
 17369 | Lair:1   | Reached skill level 6 in Evocations
 17400 | Lair:1   | Reached skill level 6 in Invocations
 17642 | Lair:1   | Killed an eight-headed hydra
 18174 | Lair:1   | HP: 20/100 [komodo dragon (22)]
 18833 | Lair:2   | Noticed a four-headed hydra
 18985 | Lair:2   | Reached skill level 6 in Dodging
 19082 | Lair:2   | Killed a four-headed hydra
 19082 | Lair:2   | Reached skill level 7 in Invocations
 19082 | Lair:2   | Reached XP level 12. HP: 107/107 MP: 15/17
 19210 | Lair:2   | Reached skill level 7 in Evocations
 19765 | Lair:3   | Reached skill level 11 in Fighting
 20374 | Lair:3   | Found a staircase to the Swamp.
 21005 | Lair:4   | Found a labyrinth entrance.
 21084 | Lab      | Entered a labyrinth
 21221 | Lab      | Noticed a minotaur
 21226 | Lab      | Killed a minotaur
 21226 | Lab      | Reached *** piety under Makhleb
 21226 | Lab      | Reached skill level 7 in Dodging
 21226 | Lab      | Reached skill level 8 in Invocations
 21318 | Lair:4   | Noticed a seven-headed hydra
 21373 | Lair:4   | Killed a seven-headed hydra
 21428 | Lair:4   | Found a dark tunnel.
 21439 | Volcano  | Entered a volcano
 21463 | Volcano  | Noticed a red draconian
 21472 | Volcano  | Killed a red draconian
 21472 | Volcano  | Reached skill level 8 in Evocations
 21512 | Volcano  | RKaid: @??salamander mystic
 21512 | Volcano  | beem: salamander mystic (N)
                  | Spd: 10 (swim: 70%)
                  | HD: 10
                  | HP: 52-76
                  | AC/EV: 7/7
                  | Dam: 10(fire:10-19)
                  | weapons, items, doors, spellcaster
                  | Res: magic(60), fire+++
                  | Vul: cold
                  | XP: 768
                  | Sp: mystic blast (3d15), b.magma (3d18), haste other
                  | Sz: Medium
                  | Int: human.
 22082 | Lair:4   | Reached skill level 12 in Fighting
 22082 | Lair:4   | Reached skill level 9 in Invocations
 22487 | Lair:4   | HP: 28/112 [poisoned by a black mamba]
 22492 | Lair:4   | HP: 26/112 [poisoned by a black mamba]
 22498 | Lair:4   | HP: 24/112 [poisoned by a black mamba]
 22504 | Lair:4   | HP: 24/112 [poisoned by a black mamba]
 22512 | Lair:4   | HP: 24/112 [poisoned by a black mamba]
 22840 | Lair:4   | Found a hole to the Spider Nest.
 23191 | Lair:5   | Found a glowing silver altar of Zin.
 23279 | Lair:4   | Reached XP level 13. HP: 115/118 MP: 19/19
 23380 | Lair:5   | Noticed Glitchraptor's ghost (journeyman MiFi)
 23610 | Lair:3   | Reached skill level 8 in Dodging
 24238 | D:9      | Reached **** piety under Makhleb
 24429 | D:10     | Entered Level 10 of the Dungeon
 24624 | D:10     | Noticed Erolcha
 24656 | D:10     | Reached skill level 1 in Stealth
 24656 | D:10     | Reached skill level 9 in Evocations
 24698 | D:10     | Found a staircase to the Orcish Mines.
 24821 | D:10     | Reached skill level 2 in Stealth
 24941 | D:10     | Got a vibrating amber ring
 25156 | D:10     | Noticed Harold
 25328 | Orc:1    | Entered Level 1 of the Orcish Mines
 25328 | Orc:1    | Found Xarghud's Food Boutique.
 25572 | Orc:1    | Found Ubrualois's Weapon Emporium.
 26058 | Orc:1    | Reached skill level 3 in Stealth
 26058 | Orc:1    | Reached skill level 10 in Invocations
 26438 | Orc:2    | Entered Level 2 of the Orcish Mines
 26440 | Orc:2    | Found Poedukh's Jewellery Shop.
 26475 | Orc:2    | Reached ***** piety under Makhleb
 26831 | Orc:2    | Found Feomes's Antique Armour Shoppe.
 27653 | Orc:2    | Reached skill level 1 in Axes
 27981 | Orc:2    | Noticed an orc warlord
 28079 | Orc:1    | Reached skill level 2 in Axes
 28637 | Orc:1    | Reached skill level 3 in Axes
 28885 | Orc:2    | Found Nuklacam's General Store.
 29095 | Orc:2    | Bought a potion of brilliance for 64 gold pieces
 29171 | Orc:2    | Noticed an orc warlord
 29335 | Orc:2    | Reached skill level 13 in Fighting
 29335 | Orc:2    | Reached skill level 10 in Evocations
 29498 | Orc:2    | Found Saush's Antique Weapon Boutique.
 29691 | Orc:2    | Gained mutation: Your body sometimes deteriorates upon taking damage. [a neqoxec]
 29789 | Orc:2    | Killed an orc warlord
 29789 | Orc:2    | Reached skill level 4 in Axes
 29936 | D:10     | Reached skill level 1 in Spellcasting
 30674 | Lair:4   | Gained mutation: Your large and strong wings let you fly indefinitely. [Black Draconian growth]
 30674 | Lair:4   | Reached XP level 14. HP: 88/129 MP: 22/22
 30830 | Lair:6   | Entered Level 6 of the Lair of Beasts
 31419 | Swamp:1  | Entered Level 1 of the Swamp
 31911 | Swamp:1  | Reached skill level 5 in Axes
 32414 | Swamp:1  | HP: 30/129 [tyrant leech (7)]
 32878 | Orc:2    | Bought an uncursed ring of protection from magic for 350 gold pieces
 33038 | D:11     | Noticed Psyche
 33067 | D:11     | Killed Psyche
 33349 | D:11     | Reached skill level 11 in Invocations
 33406 | D:11     | HP: 23/129 [seven-headed hydra (10)]
 34217 | Lair:5   | Noticed Urug
 34285 | Lair:5   | Found a staircase to the Slime Pits.
 34814 | Lair:5   | Killed Urug
 34814 | Lair:5   | Reached skill level 6 in Conjurations
 35021 | Lair:5   | Reached skill level 6 in Axes
 35356 | Spider:1 | Entered Level 1 of the Spider Nest
 35499 | Lair:4   | HP: 31/129 [demonic crawler (7)]
 36906 | Lair:4   | HP: 31/129 [something (5)]
 37261 | Lair:4   | Lost mutation: Your body sometimes deteriorates upon taking damage. [potion of mutation]
 37261 | Lair:4   | Gained mutation: Your muscles are strong. (Str +2) [potion of mutation]
 37261 | Lair:4   | Gained mutation: Potions are less effective at restoring your health. [potion of mutation]
 37261 | Lair:4   | Gained mutation: Your flesh is cold resistant. (rC+) [potion of mutation]
 37698 | D:11     | Identified the ring "Uqeip" {*Tele *Slow Str+8} (You found it on level 10 of the Dungeon)
 37766 | D:11     | Reached skill level 7 in Axes
 38353 | D:12     | Noticed Zigma's ghost (journeyman DrMo)
 39137 | D:10     | Upgraded the game from 0.21-a0-221-gfe971b9 to 0.21-a0-225-g207ae17
 39814 | D:12     | Noticed Gastronok
 39868 | D:12     | Killed Gastronok
 39868 | D:12     | Reached skill level 1 in Transmutations
 40054 | D:12     | Reached skill level 8 in Axes
 40827 | D:12     | HP: 32/129 [acid dragon (4)]
 42657 | D:13     | Noticed Frances
 42666 | D:13     | HP: 27/129 [sun demon[Frances] (11)]
 42672 | D:13     | Killed Frances
 42672 | D:13     | Reached skill level 2 in Transmutations
 43315 | D:12     | HP: 4/129 [titanic slime creature (93)]
 43885 | D:13     | Reached skill level 9 in Axes
 44548 | D:13     | Reached XP level 15. HP: 80/137 MP: 23/23
 44581 | D:13     | Reached skill level 10 in Axes
 44737 | D:13     | Found a gate to the Vaults.
 45167 | D:14     | Reached skill level 9 in Dodging
 45241 | D:14     | HP: 29/137 [meliai/hand axe (12)]
 45241 | D:14     | HP: 13/137 [meliai/divine providence (16)]
 45710 | D:14     | Found a runed door.
 45711 | D:14     | Noticed an iron dragon
 45961 | D:14     | HP: 24/137 [wolf spider (15)]
 45970 | D:14     | HP: 25/137 [wolf spider (2)]
 46372 | D:13     | RKaid: @??meliai
 46372 | D:13     | beem: meliai (y)
                  | Spd:
    20 | HD: 7    | HP: 21-29
                  | AC/EV: 4/14
                  | Dam: 14, 12(poison:14-28)
                  | weapons, items, doors, priest, evil, fly
                  | Res: magic(20)
                  | Vul: poison
                  | Chunks: noxious
                  | XP: 300
                  | Sp: smiting (7-17) [!AM], heal other (2d3+3) [!AM]
                  | Sz: small
                  | Int: human.
 47226 | D:14     | Reached ****** piety under Makhleb
 47358 | D:14     | Found Zudita's Weapon Shop.
 47451 | D:15     | Entered Level 15 of the Dungeon
 47604 | D:15     | Reached skill level 11 in Axes
 48871 | D:15     | Found a staircase to the Depths.
 49660 | D:13     | Reached skill level 12 in Axes
 49787 | D:14     | HP: 25/137 [catoblepas (20)]
 50419 | D:15     | Reached skill level 10 in Dodging
 51312 | D:15     | Noticed a fire giant
 51885 | Swamp:1  | Noticed a thorn hunter
 51904 | Swamp:1  | Killed a thorn hunter
 52801 | Swamp:2  | Reached skill level 13 in Axes
 53979 | Lair:4   | RKaid: @??ghost moth
 53979 | Lair:4   | beem: ghost moth (y)
                  | Spd:
    12 | HD: 13   | HP: 58-87
                  | AC/EV: 8/10
                  | Dam: 18(drain stat), 18(drain stat), 12(strong poison:47-84)
                  | fly
                  | Res: magic(100), cold, poison
                  | Chunks: mutagenic
                  | XP: 1684
                  | Sp: draining gaze [!sil]
                  | Sz: Large
                  | Int: animal.
 53990 | Lair:3   | Killed a ghost moth
 53990 | Lair:3   | Reached XP level 16. HP: 104/145 MP: 0/24
 54766 | Lair:6   | Reached skill level 14 in Fighting
 54823 | Lair:6   | Noticed skelma's ghost (journeyman SpCj)
 54864 | Lair:6   | Killed skelma's ghost
 54864 | Lair:6   | Reached skill level 12 in Invocations
 55125 | Lair:6   | Noticed Nessos
 55164 | Lair:6   | Learned a level 2 spell: Song of Slaying
 55168 | Lair:6   | Learned a level 3 spell: Spectral Weapon
 55173 | Lair:6   | Learned a level 4 spell: Summon Lightning Spire
 55657 | Lair:6   | Reached skill level 1 in Charms
 55706 | Lair:6   | Reached skill level 1 in Hexes
 56374 | Lair:5   | Reached skill level 14 in Axes
 56658 | Lair:6   | Reached skill level 2 in Charms
 56714 | Lair:6   | Reached skill level 2 in Hexes
 57554 | Lair:5   | HP: 32/147 [four-headed hydra (5)]
 57968 | Lair:3   | Reached skill level 3 in Charms
 58107 | Swamp:2  | Reached skill level 3 in Hexes
 58127 | Swamp:2  | Noticed a thorn hunter
 58213 | Swamp:2  | Killed a thorn hunter
 59511 | Swamp:3  | Noticed Mara
 59760 | Swamp:3  | Noticed a thorn hunter
 60087 | Swamp:3  | Noticed a thorn hunter
 60114 | Swamp:3  | Killed a thorn hunter
 60291 | Swamp:3  | Reached skill level 4 in Hexes
 60648 | Swamp:3  | HP: 22/147 [shambling mangrove (17)]
 60652 | Swamp:3  | Slain by a spriggan rider

Vault maps used:
D:1:      dpeg_arrival_short_road, minmay_small_reverse_x
D:2:      first_bread, grunt_gozag_breadcrumbs
D:3:      grunt_temple_overflow_open, uniq_terence, uniq_robin
D:5:      tso_oasis_becter
D:6:      roderic_batcave
D:7:      minmay_temple_entry_fiery, uniq_duvessa
D:8:      serial_shops, shop, shop
D:9:      nemelex_xobeh_ov_fountains_minmay, dpeg_lair_monsters, the_bakery,
          minivault_1
D:10:     minmay_quarter_circles, feat_on_display, uniq_erolcha, uniq_harold
D:11:     serial_bayou, serial_bayou_shore_a, serial_bayou_pond_d,
          serial_bayou_pond_a, serial_bayou_pond_a, uniq_psyche
D:12:     uniq_gastronok
D:13:     grunt_vaults_entry_tiered, uniq_frances
D:14:     minmay_misc_feat_five, serial_shops, nicolae_shop_behind_doors,
          minmay_hidden_floor
D:15:     hangedman_depths_entry_try_elsewhere_first,
          minmay_hollow_rounded_squares
Temple:   hc_temple_tempest_star
Lair:1:   wad_woods_03, serial_bayou_shore_b, lemuel_fruit_tree
Lair:3:   nicolae_swamp_entry_splash_gauntlet, minivault_25,
          minmay_lair_oklob_chamber
Lair:4:   dummy_spider_entry, nicolae_volcano_entry_batcave, lab_entry_generic,
          minmay_stone_trees_medium
Lair:5:   nicolae_slime_entry_slimehenge, lemuel_oklob_altar,
          infiniplex_staircase_pool_2, uniq_urug
Lair:6:   evilmike_catoblepas_cave, serial_bayou, serial_bayou_lagoon_a,
          serial_bayou_lake_a, serial_bayou_lagoon_b, serial_bayou_crossing,
          serial_bayou_pond_d, serial_bayou_pond_d, worms_lemuel,
          serial_bayou_shore_b, uniq_nessos
Swamp:1:  serial_swamp_ruin, evilmike_swamp_ruin_house_4,
          evilmike_swamp_ruin_house_2
Swamp:2:  portal_ice_cave_entry_ugly_swarm, evilmike_swamp_ruin_rubble_2
Swamp:3:  evilmike_swamp_ruin_house_1, infiniplex_staircase_pool, uniq_mara,
          uniq_jorgrun
Spider:1: nicolae_spider_circle_web, hangedman_spider_mandibles, minivault_29
Orc:1:    serial_shops, nicolae_shop_stone, nicolae_shop_stone,
          nicolae_shop_trees
Orc:2:    grunt_orc_gardens, grunt_orc_garden, grunt_orc_garden,
          grunt_orc_garden, grunt_orc_garden, elves_outpost_lemuel
Lab:      nicolae_lab_checkerboard
Volcano:  volcano_pools

Skill      XL: |  1  2  3  4  5  6  7  8  9 10 11 12 13 14 15 16 |
---------------+-------------------------------------------------+-----
Fighting       | 2 3 4 5 6 7 9 10 12 13 14 | 14.8
Evocations     | 4 5 6 8 10 | 10.0
Short Blades   | 2 3 4 6 8 9 10 | 10.0
Dodging        | 2 3 4 6 7 8 10 | 10.3
Shields        | 1 4 |  4.0
Conjurations   | 2 5 6 |  6.6
Translocations | 1 3 |  3.0
Air Magic      | 2 4 |  4.2
Invocations    | 4 7 9 10 11 12 | 12.0
Stealth        | 3 |  3.0
Axes           | 4 9 13 14 | 14.8
Spellcasting   | 1 |  1.0
Transmutations | 2 |  2.2
Charms         | 3 |  3.5
Hexes          | 4 |  4.0

Action                   |  1- 3 |  4- 6 |  7- 9 | 10-12 | 13-15 | 16-18 || total
-------------------------+-------+-------+-------+-------+-------+-------++-------
Melee: Short sword       |   117 |   271 |    21 |       |    52 |       ||   461
       Tailslap          |    28 |    36 |    77 |   193 |   380 |   122 ||   836
       Dagger            |   103 |       |   505 |  1130 |  1555 |       ||  3293
       Rapier            |       |       |       |    46 |    24 |       ||    70
       War axe           |       |       |       |       |  1159 |   627 ||  1786
       Scimitar          |       |       |       |       |       |    70 ||    70
 Fire: Hunting sling     |       |       |     5 |    32 |     6 |       ||    43
Throw: Stone             |     8 |       |     2 |       |       |       ||    10
 Cast: Passwall          |       |       |     1 |       |       |       ||     1
       Mephitic Cloud    |       |       |       |     9 |    57 |       ||    66
       Blink             |       |       |       |     6 |    38 |    11 ||    55
       Spectral Weapon   |       |       |       |       |       |     4 ||     4
Invok: Minor Destruction |       |       |       |     2 |     3 |       ||     5
       Lesser Servant of |       |       |       |       |    22 |     9 ||    31
       Major Destruction |       |       |       |       |     1 |     1 ||     2
       Greater Servant o |       |       |       |       |       |     1 ||     1
 Abil: Breathe Lightning |       |       |       |     1 |     3 |       ||     4
       Fly               |       |       |       |       |     2 |       ||     2
       Stop Flying       |       |       |       |       |     1 |       ||     1
Evoke: Wand              |    15 |    14 |     7 |    48 |    66 |     8 ||   158
       Lightning rod     |       |       |       |     5 |     9 |     5 ||    19
       Lamp of fire      |       |       |       |       |       |     1 ||     1
  Use: Scroll            |     5 |     5 |     6 |    16 |    18 |     2 ||    52
       Potion            |       |     1 |     1 |     1 |     9 |     1 ||    13
 Stab: Sleeping          |     3 |       |       |     1 |     6 |     1 ||    11
       Distracted        |       |     1 |     2 |       |     8 |     2 ||    13
       Paralysed         |       |       |     1 |    10 |       |       ||    11
       Confused          |       |       |       |    10 |    43 |       ||    53
       Betrayed ally     |       |       |       |       |     1 |       ||     1
       Petrified         |       |       |       |       |       |     2 ||     2
       Petrifying        |       |       |       |       |       |     1 ||     1
  Eat: Chunk             |     5 |    10 |    16 |    14 |    45 |    36 ||   126
       Fruit             |       |       |     1 |     6 |    18 |       ||    25
       Royal jelly       |       |       |     1 |     5 |     3 |       ||     9
       Bread ration      |       |       |       |     5 |     9 |       ||    14
       Meat ration       |       |       |       |       |     4 |       ||     4
Armor: Skin              |    60 |   100 |   130 |   161 |   682 |   161 ||  1294
Dodge: Dodged            |   117 |   185 |   266 |   406 |  1434 |   411 ||  2819
Block: Buckler           |       |       |    64 |   137 |   396 |   128 ||   725
       Rpst.: Scimitar   |       |       |       |       |       |    10 ||    10

Table legend:
 A = Spawn XP
 B = Non-spawn XP
 C = Spawn XP percentage of total XP
 D = Spawn monster count
 E = Non-spawn monster count
 F = Spawn count percentage of total count
 G = Total turns spent on level
                    A         B        C        D         E        F      G
               +---------+---------+-------+---------+---------+-------+---------
         Total |   48532 |  162046 |  23.0 |     203 |     778 |  20.7 | 60652
               +---------+---------+-------+---------+---------+-------+---------
           D:1 |       4 |      58 |   6.5 |       3 |      29 |   9.4 |  1272
           D:2 |      12 |     122 |   9.0 |      10 |      24 |  29.4 |  2516
           D:3 |       9 |     233 |   3.7 |       5 |      16 |  23.8 |  1096
           D:4 |       2 |     226 |   0.9 |       1 |      10 |   9.1 |   956
           D:5 |      80 |     553 |  12.6 |       2 |      25 |   7.4 |  1311
           D:6 |     487 |     887 |  35.4 |       6 |      29 |  17.1 |  1970
           D:7 |     201 |    1709 |  10.5 |       6 |      23 |  20.7 |  1637
           D:8 |     350 |    2644 |  11.7 |       4 |      20 |  16.7 |  2358
           D:9 |    1158 |    5570 |  17.2 |       7 |      32 |  17.9 |  2263
          D:10 |     174 |    5156 |   3.3 |       3 |      34 |   8.1 |  1494
          D:11 |    1423 |    5121 |  21.7 |       7 |      24 |  22.6 |  2729
          D:12 |    4086 |    5949 |  40.7 |      11 |      25 |  30.6 |  3394
          D:13 |    3037 |   16468 |  15.6 |       8 |      49 |  14.0 |  3396
          D:14 |   12149 |    7232 |  62.7 |      34 |      34 |  50.0 |  3741
          D:15 |    4865 |    7799 |  38.4 |       9 |      26 |  25.7 |  1351
        Lair:1 |    1399 |    4499 |  23.7 |       6 |      17 |  26.1 |  2734
        Lair:2 |    3103 |    3402 |  47.7 |      11 |      15 |  42.3 |  2771
        Lair:3 |    2149 |    7585 |  22.1 |      12 |      31 |  27.9 |  3438
        Lair:4 |    2143 |    7270 |  22.8 |       8 |      31 |  20.5 |  4529
        Lair:5 |    1310 |    6077 |  17.7 |       6 |      17 |  26.1 |  2359
        Lair:6 |    3112 |   27398 |  10.2 |       9 |      92 |   8.9 |  2689
       Swamp:1 |     579 |    8431 |   6.4 |       3 |      24 |  11.1 |  1946
       Swamp:2 |    2353 |   12273 |  16.1 |       5 |      34 |  12.8 |  2253
       Swamp:3 |    1731 |    5385 |  24.3 |       2 |      11 |  15.4 |   690
      Spider:1 |       0 |    1583 |   0.0 |       0 |       4 |   0.0 |   179
         Orc:1 |    2304 |    5487 |  29.6 |      15 |      45 |  25.0 |  3061
         Orc:2 |     312 |    7644 |   3.9 |      10 |      47 |  17.5 |  1498
           Lab |       0 |    1807 |   0.0 |       0 |       5 |   0.0 |   173
       Volcano |       0 |    3478 |   0.0 |       0 |       5 |   0.0 |   550
               +---------+---------+-------+---------+---------+-------+---------

Table legend:
 A = Turns spent in this place as a percentage of turns spent in the entire game.
 B = Non-inter-level travel turns spent in this place as a percentage of non-inter-level travel turns spent in the entire game.
 C = Inter-level travel turns spent in this place as a percentage of turns spent in this place.
 D = Turns resting spent in this place as a percentage of non-inter-level travel turns spent in this place.
 E = Turns spent auto-exploring this place as a percentage of non-inter-level travel turns spent in this place.
 F = Non-inter-level travel turns spent in this place divided by the number of levels of this place that you've seen.
                   A       B       C       D       E      F
               +-------+-------+-------+-------+-------+----------------------
         Total | 100.0 | 100.0 |   5.9 |  48.4 |  16.5 | 1902.7
       Dungeon |  51.9 |  52.0 |   5.7 |  46.0 |  19.3 | 1978.3
        Temple |   0.5 |   0.5 |  13.4 |   0.0 |  98.8 | 258.0
          Lair |  30.5 |  30.2 |   7.1 |  51.1 |  14.5 | 2868.3
         Swamp |   8.1 |   8.3 |   3.2 |  56.8 |  12.0 | 1577.3
   Spider Nest |   0.3 |   0.3 |   0.0 |  33.5 |   0.0 | 179.0
  Orcish Mines |   7.5 |   7.5 |   5.6 |  50.5 |   7.0 | 2152.0
     Labyrinth |   0.3 |   0.3 |   0.0 |   0.0 |   0.0 | 173.0
       Volcano |   0.9 |   1.0 |   0.0 |  45.8 |  11.6 | 550.0
               +-------+-------+-------+-------+-------+----------------------

Table legend:
 A = Kills in this place as a percentage of kills in entire the game.
 B = Kills by you in this place as a percentage of kills by you in the entire game.
 C = Kills by friends in this place as a percentage of kills by friends in the entire game.
 D = Other kills in this place as a percentage of other kills in the entire game.
 E = Experience gained in this place as a percentage of experience gained in the entire game.
 F = Experience gained in this place divided by the number of levels of this place that you have seen.
                   A       B       C       D       E      F
               +-------+-------+-------+-------+-------+----------------------
         Total | 100.0 | 100.0 | 100.0 | 100.0 | 100.0 | 7019.3
       Dungeon |  52.6 |  53.2 |  45.1 |  41.7 |  41.7 | 5850.9
          Lair |  26.0 |  27.6 |   3.9 |   0.0 |  33.0 | 11574.5
         Swamp |   8.1 |   7.2 |  25.5 |   0.0 |  14.6 | 10250.7
   Spider Nest |   0.4 |   0.4 |   0.0 |   0.0 |   0.8 | 1583.0
  Orcish Mines |  11.9 |  10.7 |  25.5 |  50.0 |   7.5 | 7873.5
     Labyrinth |   0.5 |   0.5 |   0.0 |   0.0 |   0.9 | 1807.0
       Volcano |   0.5 |   0.4 |   0.0 |   8.3 |   1.7 | 3478.0
               +-------+-------+-------+-------+-------+----------------------
